 Dungeon Sprint DCSS version 0.21-a0-270-g8204059 (webtiles) character file.

126 potatolord6000 the Chopper (level 5, 0/51 HPs)
             Began as a Hill Orc Monk on Sept 13, 2017.
             Was a Priest of Beogh.
             Slain by an ufetubus (3 damage)
             ... in the Dungeon (Sprint VII: "The Pits").
             The game lasted 00:00:57 (137 turns).

potatolord6000 the Chopper (Hill Orc Monk)           Turns: 137, Time: 00:00:58

Health: 0/51       AC:  2    Str: 15    XL:     5   Next: 9%
Magic:  1/9        EV: 13    Int: 10    God:    Beogh [***...]
Gold:   0          SH:  0    Dex: 13    Spells: 4/4 levels left

rFire    . . .     SeeInvis .   j - +2 hand axe
rCold    . . .     Gourm    .   (no shield)
rNeg     . . .     Faith    .   b - +0 robe
rPois    .         Spirit   .   (no helmet)
rElec    .         Reflect  .   (no cloak)
rCorr    .         Harm     .   (no gloves)
MR       .....     NoTele   +   (no boots)
Stlth    ++........             (no amulet)
HPRegen  0.17/turn              (no ring)
MPRegen  0.11/turn              (no ring)

@: no status effects
A: no striking features
a: Smiting, Renounce Religion


You were in the Dungeon.
You worshipped Beogh.
Beogh was most pleased with you.
You were not hungry.

You visited 1 branch

Inventory:

Hand Weapons
 j - a +2 hand axe (weapon)
Armour
 b - a +0 robe (worn)
Scrolls
 i - a scroll of blinking
 k - 3 scrolls of remove curse
 l - 5 scrolls of amnesia
 m - a scroll of summoning
Potions
 a - 2 potions of invisibility
 f - a potion of haste
 g - a potion of magic
 h - 3 potions of berserk rage
Comestibles
 c - 8 bread rations
 n - 40 fruits
 o - 7 meat rations


   Skills:
 + Level 6.9 Fighting
 + Level 7.5 Axes
 + Level 5.0 Armour
 - Level 2.4 Dodging
 - Level 1.5 Stealth
 + Level 5.9 Invocations


You had 4 spell levels left.
You didn't know any spells.

Dungeon Overview and Level Annotations

Branches:
Dungeon (1/1)

Altars:
Ashenzari
Cheibriados
Dithmenos
Elyvilon
Fedhas
Gozag
Hepliaklqana
Kikubaaqudgha
Makhleb
Nemelex Xobeh
Okawaru
Qazlal
Ru
Sif Muna
Trog
Uskayaw
Vehumet
Wu Jian
Xom
Yredelemnul
Zin
The Shining One
Beogh
Jiyva
Lugonu


Message History

Unknown command.
Aiming: Smiting
Press: ? - help, Dir - move target cursor, f/p - warg Smite: a warg (almost dead)
You smite the warg!
You kill the warg!
Beogh accepts your kill.
Your Fighting skill gained 2 levels and is now at level 6!
Your Axes skill gained 2 levels and is now at level 7!
Your Armour skill gained 4 levels and is now at level 5!
Your Invocations skill gained 4 levels and is now at level 5!
You have reached level 3!
Your experience leads to an increase in your attributes!
Increase (S)trength, (I)ntelligence, or (D)exterity?
You feel stronger.
You have reached level 4!
You have reached level 5!
You feel stronger. The ufetubus closely misses you. The ufetubus hits you.
You die...

#.?(.')))'.##......#..#
##########.##..........
#...........'..........
#+#####'#####......#..#
#. #.†)'.##..........
#..#...#.#####'#####+
#..#####.##.......#
#..5...#.##.......#
#..†@..).##.......#
#..########...<...# #.
#.......# # #.......#
#.......# #########


You could see an ufetubus.

Vanquished Creatures
  A warg (D)
  A leopard gecko (D)
  An orc (D)
  A bat (D)
  A bat zombie (D)
  A giant cockroach (D)
  A goblin (D)
7 creatures vanquished.

Notes
Turn   | Place    | Note
-------+----------+-------------------------------------------
     0 | D        | potatolord6000 the Hill Orc Monk began the quest for the Orb.
     0 | D        | Reached XP level 1. HP: 19/19 MP: 1/1
    19 | D        | Reached skill level 1 in Armour
    51 | D        | Found a bloodstained altar of Trog.
    51 | D        | Found a deep blue altar of Sif Muna.
    51 | D        | Found a viscous altar of Jiyva.
    51 | D        | Found a hazy altar of Hepliaklqana.
    51 | D        | Found an opulent altar of Gozag.
    52 | D        | Found a glowing golden altar of the Shining One.
    52 | D        | Found a glowing silver altar of Zin.
    52 | D        | Found a basalt altar of Yredelemnul.
    52 | D        | Found a shimmering altar of Xom.
    52 | D        | Found an ornate altar of the Wu Jian Council.
    52 | D        | Found a sacrificial altar of Ru.
    52 | D        | Found a stormy altar of Qazlal.
    52 | D        | Found an iron altar of Okawaru.
    52 | D        | Found a sparkling altar of Nemelex Xobeh.
    52 | D        | Found a burning altar of Makhleb.
    52 | D        | Found a blossoming altar of Fedhas.
    52 | D        | Found a white marble altar of Elyvilon.
    52 | D        | Found a shadowy altar of Dithmenos.
    52 | D        | Found a snail-covered altar of Cheibriados.
    54 | D        | Found a radiant altar of Vehumet.
    54 | D        | Found a corrupted altar of Lugonu.
    54 | D        | Found a roughly hewn altar of Beogh.
    56 | D        | Found an ancient bone altar of Kikubaaqudgha.
    56 | D        | Found a hide-covered altar of Uskayaw.
    56 | D        | Found a shattered altar of Ashenzari.
    64 | D        | Became a worshipper of Beogh the Brigand
    64 | D        | Reached * piety under Beogh
    64 | D        | Reached ** piety under Beogh
   102 | D        | Reached skill level 1 in Invocations
   120 | D        | Reached *** piety under Beogh
   120 | D        | Reached XP level 2. HP: 14/28 MP: 1/3
   126 | D        | Noticed a warg
   134 | D        | Reached skill level 5 in Axes
   136 | D        | HP: 1/28 [ufetubus (1)]
   137 | D        | Killed a warg
   137 | D        | Reached skill level 7 in Axes
   137 | D        | Reached skill level 5 in Armour
   137 | D        | Reached skill level 5 in Invocations
   137 | D        | Reached XP level 3. HP: 2/38 MP: 4/7
   137 | D        | Reached XP level 4. HP: 2/45 MP: 4/8
   137 | D        | Reached XP level 5. HP: 3/51 MP: 4/9
   137 | D        | Slain by an ufetubus

Vault maps used:
D:        pitsprint

Skill      XL: |  1  2 |
---------------+-------+-----
Fighting       | 4 6 |  6.9
Armour         | 1 5 |  5.0
Invocations    | 1 5 |  5.9
Axes           | 7 |  7.5
Dodging        | |  2.4
Stealth        | |  1.5

Action                   |  1- 3 |  4- 6 || total
-------------------------+-------+-------++-------
Melee: Hand axe          |    22 |       ||    22
Invok: Smiting           |     2 |     1 ||     3
  Use: Potion            |     5 |       ||     5
 Stab: Sleeping          |     2 |       ||     2
Armor: Robe              |    10 |       ||    10
Dodge: Dodged            |    44 |     1 ||    45

Table legend:
 A = Spawn XP
 B = Non-spawn XP
 C = Spawn XP percentage of total XP
 D = Spawn monster count
 E = Non-spawn monster count
 F = Spawn count percentage of total count
 G = Total turns spent on level
                    A         B        C        D         E        F      G
               +---------+---------+-------+---------+---------+-------+---------
         Total |       0 |     180 |   0.0 |       0 |       7 |   0.0 |   137
               +---------+---------+-------+---------+---------+-------+---------
             D |       0 |     180 |   0.0 |       0 |       7 |   0.0 |   137
               +---------+---------+-------+---------+---------+-------+---------
